Map: Frozen Temple

Players

Miszu - Winner!

  • Race: Terran Terran
  • League: Master

IIIIIIIIIIII

  • Race: Terran Terran
  • League: Master

VOD

Have the link to the VOD?

Description

Time

  • Played on: April 19, 2016, 3:42 p.m.
  • Length: 5:31
Show
View Real Time Build Order
Export as new Build Order

Miszu Terran - Winner!

Build Orders: 1/1/1 

Get SALT Encoding   

  12  0:01  SCV  
  13  0:13  SCV  
  14  0:17  Supply Depot  
  14  0:25  SCV  
  15  0:29  Refinery  
  15  0:39  SCV  
  16  0:45  Barracks  
  16  0:51  SCV  
  16  0:56  Refinery  
  17  1:03  SCV  
  18  1:15  SCV  
  19  1:32  Marine  
  20  1:33  Factory, Orbital Command  
  20  1:43  Supply Depot  
  20  1:50  Marine  
  21  1:59  SCV  
  21  2:08  Marine  
  21  2:11  SCV  
  23  2:16  Starport  
  23  2:17  Factory Tech Lab  
  23  2:23  SCV  
  23  2:26  Marine  
  25  2:32  Supply Depot  
  25  2:41  Siege Tank  
  25  2:44  Marine  
  28  2:49  SCV  
  30  2:54  Medivac  
  32  3:01  SCV  
  32  3:03  Marine  
  34  3:07  Supply Depot  
  34  3:13  SCV  
  35  3:21  Marine  
  35  3:23  Siege Tank  
  39  3:29  Viking  
  41  3:36  Supply Depot  
  41  3:40  Marine  
  42  3:58  Marine  
  43  4:03  Siege Tank  
  43  4:04  Viking  
  43  4:05  SCV  
  49  4:15  Supply Depot, Marine  
  50  4:33  SCV  
  50  4:35  Viking  
  50  4:37  Siege Tank  
  56  4:51  Marine  
  56  4:52  SCV  
  58  4:57  Bunker  
  58  4:58  Command Center  
  58  5:03  Supply Depot  
Show
View Real Time Build Order
Export as new Build Order

IIIIIIIIIIII Terran 

Build Orders:  

Get SALT Encoding   

  12  0:01  SCV  
  13  0:13  SCV  
  14  0:18  Supply Depot  
  14  0:25  SCV  
  15  0:39  SCV  
  16  0:43  Barracks  
  16  0:52  SCV  
  17  1:04  SCV  
  18  1:16  SCV  
  19  1:29  Orbital Command  
  19  1:30  Marine  
  20  1:35  Command Center  
  20  1:46  Barracks  
  20  1:48  Marine  
  21  1:56  Supply Depot  
  21  1:57  SCV  
  22  2:05  Marine  
  23  2:13  Barracks  
  23  2:17  SCV  
  23  2:24  Marine  
  23  2:29  SCV  
  25  2:30  Refinery  
  25  2:31  Refinery  
  25  2:34  Marine  
  26  2:42  SCV  
  26  2:43  Marine  
  28  2:49  Orbital Command  
  28  2:54  SCV  
  29  2:58  Marine  
  29  3:01  Bunker, Marine  
  29  3:02  Barracks Tech Lab  
  31  3:06  SCV  
  32  3:15  SCV  
  32  3:18  SCV  
  32  3:19  Engineering Bay  
  34  3:23  Stimpack  
  34  3:27  SCV  
  34  3:30  SCV  
  36  3:34  Marine x2  
  36  3:35  Marine  
  39  3:46  Bunker  
  39  3:51  SCV x2  
  39  3:52  Marine x2  
  39  3:53  Marine  
  44  4:04  Factory  
  44  4:06  SCV x2  
  43  4:13  Supply Depot  
  43  4:15  Marine x3  
  46  4:32  Marine  
  46  4:33  Marine x2  
  46  4:36  Supply Depot  
  44  4:50  Marine x2  
  44  4:51  Marine  
  47  4:55  Starport, Factory Reactor  
  47  5:08  Marine x3  
Tags
 
Matchup
TvT
Opening
1/1/1
Race
Terran
Add a new tag
Caveats
  • Supply blocks, unpowered buildings, or Contaminate may cause inaccurate times.
  • Supply counts are checked every 10 seconds.